 Dungeon Crawl Stone Soup version 0.30-a0-23-ge60ba3568b (webtiles) character file.

Game seed: 15498623576077409769

39 Pilot the Covered (level 3, -3/24 HPs)
             Began as a Gargoyle Fighter on Aug 25, 2022.
             Slain by a worm (7 damage)
             ... on level 2 of the Dungeon.
             The game lasted 00:07:29 (954 turns).

Pilot the Covered (Gargoyle Fighter)                 Turns: 954, Time: 00:07:29

Health: -3/24      AC: 10    Str: 19    XL:     3   Next: 47%
Magic:  3/3        EV:  9    Int:  8    God:
Gold:   73         SH:  4    Dex: 11    Spells: 2/2 levels left

rFire   . . .      SeeInvis .    a - +0 flail
rCold   . . .      Faith    .    c - +0 buckler
rNeg    + . .      Spirit   .    b - +0 scale mail
rPois   ∞          Reflect  .    (no helmet)
rElec   +          Harm     .    (no cloak)
rCorr   .          Rampage  .    (no gloves)
Will    .....                    (no boots)
Stlth   ..........               k - amulet of the acrobat
HPRegen 0.08/turn                (no ring)
MPRegen 0.08/turn                (no ring)

@: no status effects
A: sickness immunity, AC +3, negative energy resistance 1, electricity
resistance, torment resistance 1, petrification resistance
a: no special abilities


You were on level 2 of the Dungeon.
You visited 1 branch of the dungeon, and saw 2 of its levels.

You collected 73 gold pieces.

Inventory:

Hand Weapons
 a - a +0 flail (weapon)
 g - a +0 sling
Armour
 b - a +0 scale mail (worn)
 c - a +0 buckler (worn)
Jewellery
 k - an amulet of the acrobat (around neck)
Scrolls
 h - a scroll of identify {unknown}
Potions
 d - 2 potions of might
 e - a potion of brilliance {unknown}
 f - a potion of berserk rage {unknown}
 i - a potion of resistance {unknown}
 j - 2 potions of curing {unknown}
 l - a potion of attraction {unknown}
 m - a potion of cancellation {unknown}


   Skills:
 + Level 3.7 Fighting
 - Level 2.1 Maces & Flails
 + Level 3.7 Armour
 + Level 0.7 Dodging
 + Level 3.7 Shields


You had 2 spell levels left.
You didn't know any spells.
Your spell library was empty.

Dungeon Overview and Level Annotations

Branches:
Dungeon (2/15)

Altars:

Shops:
D:1 **


Innate Abilities, Weirdness & Mutations

You are immune to sickness and miasma.
Your stone body is resilient. (AC +3)
You are immune to poison.
You resist negative energy. (rN+)
You are resistant to electric shocks. (rElec)
You are resistant to unholy torment.
You are immune to petrification.


Message History

The worm is moderately wounded.
You block the worm's attack.
You thump the worm!
The worm is severely wounded.
You block the worm's attack.
You barely miss the worm.
The worm is severely wounded.
The worm bites you but does no damage.
You hit the worm.
The worm is almost dead.
The worm bites you but does no damage.
You hit the worm but do no damage.
The worm is almost dead.
The worm bites you.
You hit the worm.
The worm is almost dead.
You hit the worm.
You kill the worm!
A worm comes into view.
You hit the fungus.
The fungus begins to die.
The fungus is lightly damaged.
The worm barely misses you.
Found a faded altar of an unknown god.
A nearby fungus withers and dies.
You completely miss the worm. You completely miss the worm. The worm bites you.
* * * LOW HITPOINT WARNING * * *
You sock the worm!
The worm is severely wounded.
The worm bites you.
* * * LOW HITPOINT WARNING * * *
You hit the worm.
The worm is almost dead.
You block the worm's attack.
You hit the worm but do no damage.
The worm is almost dead.
The worm misses you.
You barely miss the worm.
The worm is almost dead.
The worm bites you!
You die...

#..#...#P#.P.#...#
#..#.#.#P#.#.#...#
#................##
#..#.#.#.#.#.#....# #
#..#...#_#...#..#.# ###
#. #..#.#.#.#.#.#..#.#
..#
#.###...P...........#.#
..#
#...#..#w#.#.#.#.#....#
..#
#.#.#..#@..#.#...#..#.#
..# #
#.#.#############.#.###
..#
.#<#....[...............
.)#
#.#.#####.#.####..#######
..#######.#..........#
##.#
........#.##########.#
#.# ..#####.#.# #.# #.#
..# #.#.#
#######.####.#######
.######.#.#
#...........#....<.#


You could see a worm.

Vanquished Creatures
  An adder (D:2)
  A worm (D:2)
  4 endoplasms
  A giant cockroach (D:2)
  4 goblins (D:1)
  2 hobgoblins (D:2)
  4 kobolds
  2 quokkas (D:1)
  3 ball pythons
  2 bats (D:1)
  A rat (D:1)
25 creatures vanquished.

Vanquished Creatures (others)
  3 fungi (D:2)
  7 plants (D:2)
10 creatures vanquished.

Grand Total: 35 creatures vanquished

Notes
Turn   | Place    | Note
-------+----------+-------------------------------------------
     0 | D:1      | Pilot the Gargoyle Fighter began the quest for the Orb.
     0 | D:1      | Reached XP level 1. HP: 14/14 MP: 1/1
    72 | D:1      | Reached XP level 2. HP: 19/19 MP: 2/2
   208 | D:1      | Found Ecu Zil's Assorted Antiques.
   313 | D:1      | Found Asomoi's Assorted Antiques.
   477 | D:2      | Reached XP level 3. HP: 13/23 MP: 3/3
   945 | D:2      | Found a faded altar of an unknown god.
   954 | D:2      | Slain by a worm

Illustrated notes

Levels and vault maps discovered:
D:1:      amcnicky_arrival_single_pillar, layout_loops_ring, serial_shops,
          nicolae_shop_overgrown_old_shop, shop_statue
D:2:      layout_loops_ring, shapermc_ecumenical_altar_mp_urbaneastern,
          minmay_ruptured

Action                   || total
-------------------------++-------
Melee: Flail             ||   106
 Fire: Sling             ||     3
Armor: Scale mail        ||    50
Dodge: Dodged            ||    60
Block: Buckler           ||    24

Table legend: (Time is in decaauts)
 A = Elapsed time spent in this place.
 B = Non-inter-level travel time spent in this place.
 C = Inter-level travel time spent in this place.
 D = Time resting spent in this place.
 E = Time spent auto-exploring this place.
 F = Levels seen in this place.
 G = Mean time per level.
                   A        B        C        D        E       F      G
               +--------+--------+--------+--------+--------+-----+--------+
         Total |    990 |    271 |    719 |      0 |      0 |   2 |  495.0 |
       Dungeon |    990 |    271 |    719 |      0 |      0 |   2 |  495.0 |
               +--------+--------+--------+--------+--------+-----+--------+

Top non-repeatable levels by time:
     D:1: 720 daAuts
     D:2: 270 daAuts
